 Dungeon Crawl Stone Soup version 0.23-a0-171-g5ae17c6 (webtiles) character file.

7 grindst0ne the Shield-Bearer (level 2, -1/21 HPs)
             Began as an Octopode Fighter on Sept 13, 2018.
             Succumbed to a kobold's poison
             ... on level 1 of the Dungeon.
             The game lasted 00:00:24 (128 turns).

grindst0ne the Shield-Bearer (Octopode Fighter)      Turns: 128, Time: 00:00:24

Health: -1/21      AC:  1    Str: 15    XL:     2   Next: 4%
Magic:  2/2        EV: 17    Int: 10    God:
Gold:   5          SH:  9    Dex: 16    Spells: 1/1 levels left

rFire    . . .     SeeInvis .   a - +0 flail
rCold    . . .     Gourm    .   b - +0 shield
rNeg     . . .     Faith    .   (helmet restricted)
rPois    .         Spirit   .   (no amulet)
rElec    .         Reflect  .   (no ring)
rCorr    .         Harm     .   (no ring)
MR       .....                  (no ring)
Stlth    +++.......             (no ring)
HPRegen  0.07/turn              (no ring)
MPRegen  0.08/turn              (no ring)
                                (no ring)
                                (no ring)

@: agile, lethally poisoned (-1 -> -23)
A: almost no armour, stealthy swim, amphibious, 8 rings, constrict 8, camouflage
1, gelatinous body 1
a: no special abilities


You were on level 1 of the Dungeon.
You were not hungry.

You visited 1 branch of the dungeon, and saw 1 of its levels.

You collected 5 gold pieces.

Inventory:

Hand Weapons
 a - a +0 flail (weapon)
Armour
 b - a +0 shield (worn)
Potions
 c - a potion of might
Comestibles
 d - 2 rations
 f - 2 chunks of flesh


   Skills:
 + Level 3.1 Fighting
 + Level 2.2 Maces & Flails
 - Level 3.0 Dodging
 + Level 3.1 Shields


You had one spell level left.
You didn't know any spells.
Your spell library was empty.

Dungeon Overview and Level Annotations

Branches:
Dungeon (1/15)

Altars:


Innate Abilities, Weirdness & Mutations

You cannot wear most types of armour.
You are very stealthy in the water. (Stealth+)
You are amphibious.
You can wear up to eight rings at the same time.
You can use your tentacles to constrict eight enemies at once.
Your skin changes colour to match your surroundings (Stealth+).
Your rubbery body absorbs attacks. (AC +1, EV +1)


Message History

You are lethally poisoned!
The hobgoblin closely misses you.
You hit the kobold but do no damage. Your grab misses the kobold.
You feel sick. The hobgoblin hits you.
* * * LOW HITPOINT WARNING * * *
The kobold hits you with a dagger of venom.
* * * LOW HITPOINT WARNING * * *
You are more poisoned.
You are too injured to fight recklessly!
You are too injured to fight recklessly!
Unknown command.
You sock the hobgoblin!
You kill the hobgoblin!
You have reached level 2!
* * * LOW HITPOINT WARNING * * *
You feel sick. The kobold closely misses you.
Unknown command.
It was a potion of agility.
You feel agile all of a sudden.
You die...

..............
#........#####..........
#........# #..........
#.....!..# #..........
#[.......# #..........
#........# ##..#######
#...[....# ###...###.###
#.....K..###...#........
#......@.##....#..<..##.
########.#..#####...####
#...## ##.## # #...#
#... #...# #.#... ##..#
#....... #..[ #. #...
###.. ##... ...


You could see a kobold.

Vanquished Creatures
  2 hobgoblins (D:1)
  3 bats (D:1)
  A frilled lizard (D:1)
  2 kobolds (D:1)
  A rat (D:1)
9 creatures vanquished.

Notes
Turn   | Place    | Note
-------+----------+-------------------------------------------
     0 | D:1      | grindst0ne the Octopode Fighter began the quest for the
                  | Orb.
     0 | D:1      | Reached XP level 1. HP: 16/16 MP: 1/1
   127 | D:1      | Reached XP level 2. HP: 3/21 MP: 2/2
   127 | D:1      | HP: 1/21 [poisoned by a kobold]
   128 | D:1      | Succumbed to a kobold's poison

Vault maps used:
D:1:      dpeg_arrival_arbitrary_b, minmay_split_cup_large

Action                   || total
-------------------------++-------
Melee: Flail             ||    14
       Constrict         ||     2
       Tentacles         ||     2
  Use: Potion            ||     1
Armor: Skin              ||     3
Dodge: Dodged            ||     9
Block: Shield            ||    10

Table legend:
 A = Non-vault XP
 B = Vault XP
 C = Vault XP percentage of total XP
 D = Non-vault monster count
 E = Vault monster count
 F = Vault count percentage of total count
                 A         B        C        D         E       F
            +---------+---------+-------+---------+---------+-------
      Total |      11 |       0 |   0.0 |       9 |       0 |   0.0
            +---------+---------+-------+---------+---------+-------
        D:1 |      11 |       0 |   0.0 |       9 |       0 |   0.0
            +---------+---------+-------+---------+---------+-------
